 Dungeon Crawl Stone Soup version 0.28.0-1-gb440e238dd (webtiles) character file.

Game seed: 12513528884145166662

38 Morbidden the Conjurer (level 3, -2/26 HPs)
             Began as a Demonspawn Conjurer on Feb 23, 2022.
             Slain by Terence (10 damage)
             ... on level 2 of the Dungeon.
             The game lasted 00:01:23 (1708 turns).

Morbidden the Conjurer (Demonspawn Conjurer)        Turns: 1708, Time: 00:01:23

Health: -2/26      AC:  2    Str:  7    XL:     3   Next: 25%
Magic:  2/6        EV: 12    Int: 21    God:
Gold:   47         SH:  0    Dex: 11    Spells: 3/6 levels left

rFire   . . .      SeeInvis .   (no weapon)
rCold   . . .      Faith    .   (no shield)
rNeg    . . .      Spirit   .   a - +0 robe
rPois   .          Reflect  .   (no helmet)
rElec   .          Harm     .   (no cloak)
rCorr   .          Rampage  .   (no gloves)
Will    .....                   (no boots)
Stlth   ++........              k - amulet of the acrobat
HPRegen 0.08/turn               (no ring)
MPRegen 0.10/turn               (no ring)

@: no status effects
A: powered by death 1, demonic touch 1
a: no special abilities


You were on level 2 of the Dungeon.
You visited 1 branch of the dungeon, and saw 2 of its levels.

You collected 47 gold pieces.

Inventory:

Armour
 a - a +0 robe (worn)
Jewellery
 k - an amulet of the acrobat (around neck)
Scrolls
 b - a scroll of holy word {unknown}
 e - a scroll of fog {unknown}
 f - 2 scrolls of enchant armour {unknown}
 i - a scroll of identify {unknown}
 j - a scroll of amnesia {unknown}
Potions
 c - a potion of brilliance {unknown}
 d - a potion of cancellation {unknown}
 g - a potion of magic {unknown}
 h - a potion of curing {unknown}


   Skills:
 * Level 1.4 Fighting
 + Level 1.9 Dodging
 + Level 1.9 Stealth
 * Level 2.1 Spellcasting
 * Level 4.6 Conjurations


You had 3 spell levels left.
You knew the following spells:

 Your Spells              Type           Power      Damage    Failure   Level
a - Magic Dart            Conj           84%        1d7       2%          1
b - Searing Ray           Conj           42%        2d6       3%          2

Your spell library contained the following spells:

 Spells                   Type           Power      Damage    Failure   Level
 Dazzling Flash           Conj/Hex       22%        N/A       17%         3
 Fulminant Prism          Conj/Hex       5%         3d7       50%         4
 Iskenderun's Mystic Bla  Conj/Tloc      11%        2d4       50%         4


Dungeon Overview and Level Annotations

Branches:
Dungeon (2/15)

Altars:

Shops:
D:1 *?=*(

Annotations:
D:2 1 runed translucent door, Crazy Yiuf, Terence


Innate Abilities, Weirdness & Mutations

You regenerate a little health from kills.
Your touch may inflict minor irresistible damage on your foes.


Message History

The ball python hisses angrily.
Unknown command.
Casting: Magic Dart (safe; 2% risk of failure)
Confirm with . or Enter, or press ? or * to list all spells.
Aiming: Magic Dart (safe; 2% risk of failure)
Press: ? - help, Shift-Dir - straight line, f/p - Terence
Aim: Terence, wielding a +0 trident and wearing a +0 chain mail (100% to hit)
The magic dart hits Terence but does no damage.
The adder hisses angrily.
Casting: Magic Dart (safe; 2% risk of failure)
Confirm with . or Enter, or press ? or * to list all spells.
Aiming: Magic Dart (safe; 2% risk of failure)
Press: ? - help, Shift-Dir - straight line, f/p - Terence
Aim: Terence, wielding a +0 trident and wearing a +0 chain mail (100% to hit)
The magic dart hits Terence but does no damage.
Terence says, "Did you write a will?
You should..."
Unknown command.
Casting: Magic Dart (safe; 2% risk of failure)
Confirm with . or Enter, or press ? or * to list all spells.
You don't have enough magic to cast this spell.
Unknown command.
Unknown command.
Unknown command.
Your magical contamination has completely faded away.
There is a stone staircase leading up here.
You can't go up here!
The adder barely misses you. Terence completely misses you.
The hobgoblin hits you.
There is a stone staircase leading up, spattered with blood here.
You barely miss the adder. Your touch misses the adder.
The adder bites you but does no damage.
Terence hits you from afar with a +0 trident.
The hobgoblin misses you. The adder bites you.
You miss the adder. Terence closely misses you. The hobgoblin hits you.
The adder bites you.
You are too injured to fight recklessly!
You are too injured to fight recklessly!
Unknown command.
Terence hits you from afar with a +0 trident!
You die... ..............# #..)# ..........>...# ......######'##### ........####.....# ..............##.# ...#########..##.# # ...# .Pbbb

#..##.# .#
############..##.#
..# #..##@# ...
#####).@Sg# .. .#
......[..S#.#....
#...............#
...........###...
#..##..#.#.#
...?.......#
##..#..#.....
#........##.#


You could see Terence, an adder, a hobgoblin and a ball python.

Vanquished Creatures
  An adder (D:1)
  A dart slug (D:2)
  3 ball pythons (D:1)
  5 endoplasms
  2 goblins (D:1)
  2 kobolds (D:1)
  2 quokkas (D:1)
  4 bats
  4 frilled lizards (D:1)
  A rat (D:1)
25 creatures vanquished.

Notes
Turn   | Place    | Note
-------+----------+-------------------------------------------
     0 | D:1      | Morbidden the Demonspawn Conjurer began the quest for the
                  | Orb.
     0 | D:1      | Reached XP level 1. HP: 13/13 MP: 3/3
   207 | D:1      | Found Firoesaz's Assorted Antiques.
   209 | D:1      | Found Ecwaf's Weapon Boutique.
   394 | D:1      | Gained mutation: You regenerate a little health from kills.
                  | [demonic ancestry]
   394 | D:1      | Reached XP level 2. HP: 19/19 MP: 3/5
   516 | D:1      | Found Neasyaku's Jewellery Shop.
   551 | D:1      | Found Nuik's Magic Scroll Shoppe.
   623 | D:1      | Learned a level 2 spell: Searing Ray
   672 | D:1      | Found Kokkone's General Store.
  1063 | D:2      | Reached skill level 1 in Fighting
  1154 | D:2      | Found a runed translucent door.
  1155 | D:2      | Noticed Crazy Yiuf
  1360 | D:1      | Gained mutation: Your touch may inflict minor irresistible
                  | damage on your foes. [demonic ancestry]
  1360 | D:1      | Reached XP level 3. HP: 17/26 MP: 0/6
  1695 | D:2      | Noticed Terence
  1708 | D:2      | Slain by Terence

Illustrated notes

Levels and vault maps discovered:
D:1:      lemuel_arrival_funnel, layout_loops_ring, serial_shops, shop,
          nicolae_shop_window_shopping, nicolae_shop_behind_doors, shop,
          nicolae_shop_bloodbath_and_beyond, minmay_misc_feat_nine_boxes
D:2:      layout_basic, serial_aquarium, aquarium_bridge_square
          [aquarium_subvault_bridge, aquarium_subvault_bridge,
          aquarium_subvault_window, aquarium_subvault_bridge],
          aquarium_bridge_straight [aquarium_subvault_bridge,
          aquarium_subvault_balcony, aquarium_subvault_bridge,
          aquarium_subvault_wall], aquarium_window_double, aquarium_window_fake,
          aquarium_window_1, aquarium_view_2d, aquarium_balcony_double_4,
          minmay_fractal_squares_5, uniq_crazy_yiuf_cottage, uniq_sigmund,
          uniq_terence

Skill      XL: |  1  2 |
---------------+-------+-----
Fighting       | 1 |  1.4
Dodging        | |  1.9
Stealth        | |  1.9
Spellcasting   | |  2.1
Conjurations   | |  4.6

Action                   || total
-------------------------++-------
Melee: Unarmed           ||    25
       Touch             ||     2
 Cast: Magic Dart        ||    43
Armor: Robe              ||     6
Dodge: Dodged            ||    21
